 Dungeon Crawl Stone Soup version 0.19.3-1-g3169bf9 (webtiles) character file.

8402 RKaid the Thaumaturge (level 11, 0/71 HPs)
             Began as a High Elf Ice Elementalist on Jan 24, 2017.
             Was a Follower of Vehumet.
             Slain by a large slime creature (37 damage)
             ... on level 9 of the Dungeon.
             The game lasted 01:02:36 (16004 turns).

RKaid the Thaumaturge (High Elf Ice Elementalist)  Turns: 16004, Time: 01:02:37

Health: 0/71       AC: 11    Str: 12    XL:     11   Next: 9%
Magic:  1/26       EV: 14    Int: 22    God:    Vehumet [*.....]
Gold:   417        SH:  0    Dex: 17    Spells: 7 memorised, 9 levels left

rFire  . . .     SeeInvis +     a - +0 dagger (venom)
rCold  . . .     Gourm    .     G - +2 robe {Archmagi}
rNeg   . . .     Faith    .     (no shield)
rPois  .         Spirit   .     e - +1 helmet
rElec  .         Reflect  .     q - +0 cloak
rCorr  .         Harm     .     F - +2 pair of gloves
MR     +....                    K - +0 pair of boots
Stlth  ++........               (no amulet)
                                s - ring of see invisible {sInv}
                                M - +5 ring of strength

@: no status effects
A: no striking features
a: Renounce Religion


You were on level 9 of the Dungeon.
You worshipped Vehumet.
Vehumet was aware of your devotion.
You were hungry.

You visited 2 branches of the dungeon, and saw 10 of its levels.
You also visited: Ossuary.

You collected 417 gold pieces.

Inventory:

Hand Weapons
 a - a +0 dagger of venom (weapon)
   (You found it on level 2 of the Dungeon)
 p - a +4 scimitar of flaming
   (You took it off Erica on level 8 of the Dungeon)
Armour
 e - a +1 helmet (worn)
   (You took it off Robin on level 2 of the Dungeon)
 q - a +0 cloak (worn)
   (You found it on level 2 of the Dungeon)
 v - a +0 troll leather armour {regen}
   (You found it on level 9 of the Dungeon)
 E - a +0 buckler
   (You found it on level 5 of the Dungeon)
 F - a +2 pair of gloves (worn)
   (You found it on level 7 of the Dungeon)
 G - a +2 robe of the Archmagi (worn)
   (You took it off Erica on level 8 of the Dungeon)
 K - a +0 pair of boots (worn)
   (You found it on level 9 of the Dungeon)
Magical Staves
 b - an uncursed staff of air {rElec}
   (You found it on level 4 of the Dungeon)
Jewellery
 n - an uncursed ring of flight {+Fly}
   (You took it off Robin on level 2 of the Dungeon)
 s - a ring of see invisible (right hand) {sInv}
   (You found it on level 3 of the Dungeon)
 M - a +5 ring of strength (left hand)
   (You found it on level 7 of the Dungeon)
 N - an uncursed amulet of rage {+Rage}
   (You found it on level 7 of the Dungeon)
Wands
 d - a wand of iceblast (0/15)
   (You found it on level 4 of the Dungeon)
 h - a wand of iceblast (1/15)
   (You took it off Pikel on level 4 of the Dungeon)
 i - a wand of confusion (32/48)
   (You found it on level 8 of the Dungeon)
 D - a wand of slowing (20/48)
   (You found it on level 5 of the Dungeon)
 L - a wand of acid (6/15)
   (You found it on level 9 of the Dungeon)
Scrolls
 l - a scroll of amnesia
 o - 3 scrolls of enchant weapon
 w - a scroll of magic mapping {!r}
 y - a scroll of recharging
 z - 6 scrolls of fear
 I - 3 scrolls of teleportation
 O - 5 scrolls of remove curse
Potions
 f - 2 potions of berserk rage {unknown}
 g - a potion of flight
 j - a potion of degeneration {unknown}
 k - 5 potions of might
 m - 2 potions of cure mutation {unknown}
 r - a potion of invisibility
 t - a potion of resistance
 u - 3 potions of lignification {unknown}
 A - a potion of mutation {!q}
 B - a potion of curing {unknown}
 P - a potion of cancellation {unknown}
 S - a potion of brilliance
Books
 x - a book of Frost
 C - a book of the Sky
   (You found it on level 6 of the Dungeon)
Comestibles
 c - 3 bread rations
 H - 8 slices of pizza
 J - 3 meat rations
 R - a beef jerky


   Skills:
 - Level 5.1 Fighting
 + Level 4.2 Dodging
 - Level 2.1 Stealth
 + Level 10.6 Spellcasting
 - Level 5.9 Conjurations
 + Level 6.0 Summonings
 - Level 8.5 Ice Magic
 + Level 6.4 Air Magic


You had 9 spell levels left.
You knew the following spells:

 Your Spells              Type           Power        Failure   Level  Hunger
a - Freeze                Ice            ####         1%          1    None
b - Throw Frost           Conj/Ice       ######       1%          2    None
c - Throw Icicle          Conj/Ice       ######..     3%          4    #......
d - Airstrike             Air            ######....   4%          4    #......
A - Ozocubu's Armour      Chrm/Ice       #####...     3%          3    None
B - Summon Ice Beast      Ice/Summ       ######..     3%          4    #......
C - Summon Lightning Spi  Summ/Air       ######..     6%          4    #......


Dungeon Overview and Level Annotations

Branches:
Dungeon (9/15)             Temple (1/1) D:7            Lair (0/6) D:9
    Orc: D:9-12

Altars:
Ashenzari
Cheibriados
Dithmenos
Elyvilon
Fedhas
Gozag
Hepliaklqana
Kikubaaqudgha
Makhleb
Nemelex Xobeh
Okawaru
Qazlal
Ru
Sif Muna
Trog
Uskayaw
Vehumet
Xom
Yredelemnul
Zin
The Shining One

Shops:
D:4 %

Annotations:
D:2 exclusion: Sigmund, Sigmund
D:9 Erolcha


Message History

Aiming: Throw Frost
Press: ? - help, Shift-Dir - straight line, f - slime creature
Aim: a slime creature You feel a surge of power!
The puff of frost hits the slime creature.
Your lightning spire shoots out a bolt of lightning at the slime creature!
The bolt of electricity hits the slime creature.
Casting: Throw Frost
Confirm with . or Enter, or press ? or * to list all spells.
Aiming: Throw Frost
Press: ? - help, Shift-Dir - straight line, f/p - slime creature
Aim: a slime creature (heavily wounded)
You feel a surge of power!
The puff of frost hits the slime creature.
Your lightning spire shoots out a bolt of lightning at the slime creature!
The bolt of electricity hits the slime creature. x3
Casting: Throw Frost
Confirm with . or Enter, or press ? or * to list all spells.
Aiming: Throw Frost
Press: ? - help, Shift-Dir - straight line, f - slime creature, p - slime creature
Aim: a slime creature (lightly wounded)
You feel a surge of power!
The puff of frost hits the slime creature.
The slime creature hits your lightning spire!
Your lightning spire shoots out a bolt of lightning at the slime creature!
The bolt of electricity hits the slime creature.
The slime creature dies!
Vehumet accepts your kill.
Casting: Throw Frost
Confirm with . or Enter, or press ? or * to list all spells.
Aiming: Throw Frost
Press: ? - help, Shift-Dir - straight line, f - slime creature, p - slime creature
Aim: a slime creature (moderately wounded)
You feel a surge of power!
The puff of frost hits the slime creature.
Your lightning spire shoots out a bolt of lightning at the slime creature!
The bolt of electricity hits the slime creature.
Casting: Throw Frost
Confirm with . or Enter, or press ? or * to list all spells.
Aiming: Throw Frost
Press: ? - help, Shift-Dir - straight line, f/p - slime creature
Aim: a slime creature (severely wounded)
You feel a surge of power!
The puff of frost hits the slime creature.
Your lightning spire shoots out a bolt of lightning at the slime creature!
The bolt of electricity hits the slime creature. x2
Casting: Throw Frost
Confirm with . or Enter, or press ? or * to list all spells.
Aiming: Throw Frost
Press: ? - help, Shift-Dir - straight line, f - slime creature, p - slime creature
Aim: a slime creature (heavily wounded)
You feel a surge of power!
The puff of frost hits the slime creature.
The slime creature hits your lightning spire.
You barely miss the slime creature. The slime creature hits you.
The slime creature hits your lightning spire.
Your lightning spire shoots out a bolt of lightning at the slime creature!
The bolt of electricity hits the slime creature.
The slime creature dies!
Vehumet accepts your kill.
Your Summonings skill increases to level 6!
The bolt of electricity hits the slime creature.
Casting: Throw Frost
Confirm with . or Enter, or press ? or * to list all spells.
Aiming: Throw Icicle
Press: ? - help, Shift-Dir - straight line, f/p - slime creature
Aim: a slime creature (heavily wounded)
You feel a surge of power!
The shard of ice hits the slime creature.
The slime creature completely misses you.
Two slime creatures merge to form a large slime creature.
Casting: Throw Icicle
Confirm with . or Enter, or press ? or * to list all spells.
Aiming: Throw Icicle
Press: ? - help, Shift-Dir - straight line, f/p - large slime creature
Aim: a large slime creature (heavily wounded)
You feel a surge of power!
The shard of ice hits the large slime creature.
Casting: Throw Icicle
Confirm with . or Enter, or press ? or * to list all spells.
Aiming: Airstrike
Press: ? - help, Dir - move target cursor, f/p - large slime creature
Aim: a large slime creature (severely wounded)
You feel a surge of power!
The air twists around and strikes the large slime creature!
There is a staircase to the Lair here.
You barely miss the large slime creature.
The large slime creature barely misses you.
You hit the large slime creature but do no damage.
The large slime creature misses you.
You hit the large slime creature. The large slime creature hits you!!
Casting: Airstrike
Confirm with . or Enter, or press ? or * to list all spells.
Aiming: Freeze
Press: ? - help, Shift-Dir - straight line, f/p - large slime creature
Aim: a large slime creature (almost dead)
You feel a surge of power!
You freeze the large slime creature. The large slime creature hits you!!!
Ouch! That really hurt!
You die...

#......##.....###.≈P≈≈PP.##P≈
#......#####.####..PP≈≈P.≈(P≈
#.......# #.##....≈.♣≈PPPPP♣
#.......# #.##.....PP♣PPPP≈≈
#.......# #.##.....P.≈♣♣P♣≈♣
#.......# #.##....†.≈≈≈≈♣≈≈≈
#.......# #.##......≈P≈≈♣♣♣P
#......## #J###.....#≈≈≈≈≈≈P
######## #@# #######≈P≈≈÷PP
### #..P≈P≈. ##P≈.P.. #......
#######


You could see a large slime creature.

Vanquished Creatures
  The ghost of eXcel the Fighter, a novice OgBe of Trog (D:8)
  Pikel (D:4)
  A hill giant (D:8)
  Prince Ribbit (D:6)
  A troll (D:9)
  A slime creature (D:9)
  2 hippogriffs
  Eustachio (D:6)
  An eye of draining (D:9)
  4 sky beasts
  A slave (D:4)
  2 orc warriors
  An ice beast (D:6)
  2 phantoms
  2 ogres
  6 centaurs
  2 bullfrogs (D:6)
  4 scorpions
  4 howler monkeys
  4 electric eels
  10 crimson imps
  A bullfrog zombie (D:5)
  5 hounds
  3 jellies
  An orc priest (D:6)
  Crazy Yiuf (D:6)
  A centaur skeleton (D:8)
  8 orc wizards
  3 bullfrog skeletons
  An iguana (D:9)
  8 worker ants
  A hound zombie (D:6)
  A hound skeleton (D:4)
  Robin (D:2)
  3 gnolls (D:5)
  5 adders
  2 shadow imps (D:6)
  An ooze (D:7)
  2 adder skeletons
  2 dart slugs (D:1)
  3 leopard geckos
  30 orcs
  4 ball pythons (D:1)
  A bat zombie (D:6)
  7 giant cockroaches
  24 goblins
  8 hobgoblins
  6 jackals
  7 kobolds
  4 quokkas
  4 bats
  11 frilled lizards
  A leopard gecko zombie (D:7)
  A quokka skeleton (D:6)
  8 rats
  2 rat zombies (D:6)
223 creatures vanquished.

Vanquished Creatures (collateral kills)
  The ghost of Tagedieb the Slicer, a novice MiAs of Uskayaw (D:9)
  Erica (D:8)
  Psyche (D:8)
  A troll (D:9)
  A two-headed ogre (D:9)
  3 slime creatures (D:9)
  An eye of draining (D:9)
  An ice beast (D:6)
  An ogre (D:9)
  A big kobold (D:9)
  A scorpion (D:8)
  A bullfrog zombie (D:9)
  A jelly (D:9)
  3 orc wizards (D:5)
  A hound zombie (D:6)
19 creatures vanquished.

Vanquished Creatures (others)
  An ice beast (D:5)
  A gnoll sergeant (D:5)
  2 gnolls (D:5)
  A shadow imp (D:5)
  A giant cockroach (D:4)
  A quokka skeleton (D:4)
  A plant (D:9)
8 creatures vanquished.

Grand Total: 250 creatures vanquished

Notes
Turn   | Place    | Note
-------+----------+-------------------------------------------
     0 | D:1      | RKaid the High Elf Ice Elementalist began the quest for the Orb.
     0 | D:1      | Reached XP level 1. HP: 11/11 MP: 4/4
   222 | D:1      | Reached XP level 2. HP: 17/17 MP: 0/6
  1070 | D:1      | Reached XP level 3. HP: 21/21 MP: 6/8
  1114 | D:1      | Learned a level 2 spell: Throw Frost
  1118 | D:1      | Learned a level 3 spell: Ozocubu's Armour
  1164 | D:1      | Reached skill level 4 in Ice Magic
  1356 | D:2      | Reached skill level 3 in Spellcasting
  1819 | D:2      | Noticed Sigmund
  1922 | D:2      | Found a sparkling altar of Nemelex Xobeh.
  2220 | D:2      | Noticed Robin
  2232 | D:2      | Killed Robin
  2232 | D:2      | Reached XP level 4. HP: 27/27 MP: 1/9
  2605 | D:3      | Found a shadowy altar of Dithmenos.
  2922 | D:3      | Found a shattered altar of Ashenzari.
  3138 | D:3      | Reached skill level 2 in Conjurations
  3434 | D:4      | Found Zebbid's Food Emporium.
  3530 | D:4      | Reached XP level 5. HP: 31/31 MP: 6/11
  3653 | D:4      | Reached skill level 5 in Ice Magic
  3706 | D:4      | Found a stormy altar of Qazlal.
  4230 | D:4      | Reached skill level 4 in Spellcasting
  4243 | D:4      | Reached XP level 6. HP: 29/36 MP: 2/13
  4394 | D:4      | Learned a level 4 spell: Throw Icicle
  4402 | D:4      | Noticed Pikel
  4402 | D:4      | Noticed a slave
  4402 | D:4      | Noticed a slave
  4587 | D:4      | Reached skill level 3 in Conjurations
  4843 | D:4      | Noticed a slave
  4843 | D:4      | Noticed a slave
  4896 | D:4      | Killed a slave
  4900 | D:4      | Killed Pikel
  4900 | D:4      | Reached skill level 5 in Spellcasting
  4900 | D:4      | Reached skill level 4 in Conjurations
  4900 | D:4      | Reached skill level 6 in Ice Magic
  4900 | D:4      | Reached XP level 7. HP: 26/41 MP: 1/16
  5597 | D:5      | Entered Level 5 of the Dungeon
  5878 | D:4      | Learned a level 4 spell: Summon Ice Beast
  5992 | D:5      | Reached skill level 5 in Conjurations
  6110 | D:5      | Found a shimmering altar of Xom.
  6126 | D:5      | Reached XP level 8. HP: 46/46 MP: 11/17
  6128 | D:5      | Reached skill level 6 in Spellcasting
  6145 | D:5      | Reached skill level 7 in Ice Magic
  6903 | D:6      | Noticed Eustachio
  7291 | D:6      | Reached skill level 1 in Summonings
  7602 | D:6      | Reached skill level 7 in Spellcasting
  7667 | D:5      | HP: 9/46 [ice beast (12)]
  8036 | D:6      | Reached skill level 2 in Summonings
  8685 | D:6      | Reached skill level 8 in Ice Magic
  8685 | D:6      | Reached XP level 9. HP: 51/51 MP: 17/21
  8861 | D:6      | Noticed Prince Ribbit
  8880 | D:6      | Found an ancient bone altar of Kikubaaqudgha.
  9164 | D:6      | Reached skill level 3 in Summonings
  9260 | D:6      | Killed Eustachio
  9768 | D:6      | Killed Prince Ribbit
  9768 | D:6      | Reached skill level 8 in Spellcasting
 10098 | D:6      | Found a runed door.
 10149 | D:6      | Reached skill level 4 in Summonings
 10260 | D:6      | Noticed Crazy Yiuf
 10262 | D:6      | Killed Crazy Yiuf
 10445 | D:7      | Found a sand-covered staircase.
 10472 | Ossuary  | Entered an ossuary
 10814 | D:7      | Found an iron altar of Okawaru.
 10940 | D:7      | Reached skill level 1 in Fighting
 11232 | D:7      | HP: 9/54 [orc wizard/magic dart (6)]
 11568 | D:7      | Reached skill level 2 in Fighting
 11784 | D:7      | Found a hide-covered altar of Uskayaw.
 11784 | D:7      | Found a basalt altar of Yredelemnul.
 11826 | D:7      | Reached skill level 5 in Summonings
 11956 | D:7      | Found a staircase to the Ecumenical Temple.
 11975 | Temple   | Entered the Ecumenical Temple
 12195 | Temple   | Became a worshipper of Vehumet
 12340 | D:8      | Noticed eXcel's ghost (novice OgBe)
 12390 | D:8      | Learned a level 4 spell: Summon Lightning Spire
 12392 | D:8      | Noticed Psyche
 12449 | D:8      | Noticed Erica
 12458 | D:8      | HP: 12/55 [Erica/scimitar of flaming (7)]
 12458 | D:8      | Killed Erica
 12458 | D:8      | Reached skill level 3 in Fighting
 12458 | D:8      | Reached skill level 9 in Spellcasting
 12458 | D:8      | Reached skill level 2 in Air Magic
 12458 | D:8      | Reached XP level 10. HP: 9/63 MP: 1/24
 13384 | D:9      | Reached skill level 3 in Air Magic
 13481 | D:8      | Reached skill level 4 in Fighting
 13725 | D:9      | Found a bloodstained altar of Trog.
 13877 | D:9      | Noticed Erolcha
 14025 | D:9      | Learned a level 4 spell: Airstrike
 14114 | D:9      | Reached skill level 4 in Air Magic
 14208 | D:9      | Noticed Tagedieb's ghost (novice MiAs)
 14527 | D:8      | Reached * piety under Vehumet
 14527 | D:8      | Offered knowledge of Magic Dart by Vehumet.
 14645 | D:8      | Reached skill level 5 in Fighting
 15019 | D:8      | Killed eXcel's ghost
 15019 | D:8      | Reached skill level 10 in Spellcasting
 15019 | D:8      | Reached skill level 5 in Air Magic
 15186 | D:8      | Reached skill level 3 in Dodging
 15244 | D:8      | Killed Psyche
 15344 | D:8      | Noticed a hill giant
 15348 | D:8      | Killed a hill giant
 15348 | D:8      | Reached skill level 6 in Air Magic
 15495 | D:8      | Noticed a death knight
 15538 | D:9      | Killed Tagedieb's ghost
 15538 | D:9      | Reached skill level 4 in Dodging
 15538 | D:9      | Reached XP level 11. HP: 71/71 MP: 0/26
 15968 | D:9      | Found a staircase to the Lair.
 15990 | D:9      | Reached skill level 6 in Summonings
 16004 | D:9      | Slain by a large slime creature

Skill      XL: |  1  2  3  4  5  6  7  8  9 10 11 |
---------------+----------------------------------+-----
Ice Magic      | 4 5 6 8 |  8.5
Spellcasting   | 3 4 5 7 9 10 | 10.6
Conjurations   | 2 4 5 |  5.9
Summonings     | 2 5 6 |  6.0
Fighting       | 3 5 |  5.1
Air Magic      | 2 6 |  6.4
Dodging        | 4 |  4.2
Stealth        | |  2.1

Action                   |  1- 3 |  4- 6 |  7- 9 | 10-12 || total
-------------------------+-------+-------+-------+-------++-------
Melee: Unarmed           |     1 |       |       |       ||     1
       Short sword       |    13 |     6 |       |       ||    19
       Whip              |       |    19 |    11 |       ||    30
       Dagger            |       |     6 |    62 |    20 ||    88
 Cast: Freeze            |    57 |   100 |   116 |    21 ||   294
       Throw Frost       |     3 |    20 |   104 |    59 ||   186
       Throw Icicle      |       |       |    41 |    33 ||    74
       Summon Ice Beast  |       |       |     9 |     9 ||    18
       Ozocubu's Armour  |       |       |     1 |     1 ||     2
       Airstrike         |       |       |       |    15 ||    15
       Summon Lightning  |       |       |       |     6 ||     6
Evoke: Wand              |       |       |     1 |     5 ||     6
  Use: Scroll            |     4 |     8 |     9 |     2 ||    23
       Potion            |       |       |     2 |       ||     2
 Stab: Sleeping          |     7 |     1 |     4 |       ||    12
  Eat: Chunk             |     4 |     8 |     8 |     8 ||    28
       Bread ration      |       |       |     3 |     1 ||     4
       Meat ration       |       |       |     1 |       ||     1
       Beef jerky        |       |       |     1 |       ||     1
Armor: Robe              |     5 |    25 |    38 |    16 ||    84
Dodge: Dodged            |    36 |    66 |   144 |    32 ||   278

Vault maps used:
D:1:      erik_arrival_triangle_medium, minmay_statues_item,
          minmay_shallow_snake_nest
D:2:      nemelex_xobeh_ov_fountains_minmay, first_bread, uniq_robin,
          uniq_sigmund
D:3:      nicolae_dithmenos_through_a_glass_darkly, cheibrodos_ashenzari_chains
D:4:      cheibrodos_quashed, nicolae_overflow_crystal_walls, serial_shops,
          kennysheep_mini_moat, uniq_pikel
D:5:      led_xom_imps, lemuel_flamethrower_2
D:6:      lemuel_zombie_altar_kikubaaqudgha, serial_bayou, serial_bayou_pond_e,
          serial_bayou_pond_e, serial_bayou_shore_b, serial_bayou_shore_a,
          serial_bayou_crossing, uniq_eustachio, uniq_crazy_yiuf_cottage,
          uniq_prince_ribbit1
D:7:      amethyst_overflow_temple_binary, minmay_temple_entry_nine_rooms,
          basic_altar, nicolae_ossuary_entry_false_entrances
D:8:      grunt_pizzeria, minmay_three_doors, uniq_erica, uniq_psyche
D:9:      lair_0_dummy, serial_bayou, serial_bayou_lagoon_b,
          serial_bayou_shore_b, serial_bayou_pond_d, serial_bayou_shore_b,
          serial_bayou_lagoon_a, serial_bayou_pond_c, st_stairs_1,
          nicolae_zen_rock_garden, trog_eyes_of_draining, uniq_erolcha
Temple:   nicolae_temple_figure_eight
Ossuary:  minmay_ossuary_two_tombs

Table legend:
 A = Turns spent in this place as a percentage of turns spent in the entire game.
 B = Non-inter-level travel turns spent in this place as a percentage of non-inter-level travel turns spent in the entire game.
 C = Inter-level travel turns spent in this place as a percentage of turns spent in this place.
 D = Turns resting spent in this place as a percentage of non-inter-level travel turns spent in this place.
 E = Turns spent auto-exploring this place as a percentage of non-inter-level travel turns spent in this place.
 F = Non-inter-level travel turns spent in this place divided by the number of levels of this place that you've seen.
                   A       B       C       D       E      F
               +-------+-------+-------+-------+-------+----------------------
         Total | 100.0 | 100.0 |   0.5 |   6.9 |   5.3 | 399.4
       Dungeon |  98.8 |  98.9 |   0.4 |   7.0 |   4.9 | 482.6
        Temple |   0.7 |   0.7 |   6.5 |   0.0 |  58.6 |  29.0
       Ossuary |   0.5 |   0.5 |   0.0 |   0.0 |   0.0 |  21.0
               +-------+-------+-------+-------+-------+----------------------

Table legend:
 A = Kills in this place as a percentage of kills in entire the game.
 B = Kills by you in this place as a percentage of kills by you in the entire game.
 C = Kills by friends in this place as a percentage of kills by friends in the entire game.
 D = Other kills in this place as a percentage of other kills in the entire game.
 E = Experience gained in this place as a percentage of experience gained in the entire game.
 F = Experience gained in this place divided by the number of levels of this place that you have seen.
                   A       B       C       D       E      F
               +-------+-------+-------+-------+-------+----------------------
         Total | 100.0 | 100.0 | 100.0 |  -nan | 100.0 | 1091.2
       Dungeon | 100.0 | 100.0 | 100.0 |  -nan | 100.0 | 1333.7
               +-------+-------+-------+-------+-------+----------------------
